 Dungeon Crawl Stone Soup version 0.29.1-15-g9cfb28693d (webtiles) character file.

Game seed: 6365861360959785329

4 FaviusArthum the Firebug (level 1, 5/10 HPs)
             Began as a Deep Elf Fire Elementalist on Sept 18, 2023.
             Got out of the dungeon alive.
             The game lasted 00:01:58 (158 turns).

FaviusArthum the Firebug (DEFE)                      Turns: 158, Time: 00:01:59

Health: 5/10       AC:  2    Str:  5    XL:     1   Next: 50%
Magic:  6/6        EV: 12    Int: 19    God:
Gold:   22         SH:  0    Dex: 15    Spells: 5/6 levels left

rFire   . . .      SeeInvis .   c - +0 rapier
rCold   . . .      Faith    .   (no shield)
rNeg    . . .      Spirit   .   a - +0 robe
rPois   .          Reflect  .   (no helmet)
rElec   .          Harm     .   (no cloak)
rCorr   .          Rampage  .   (no gloves)
Will    .....                   (no boots)
Stlth   ++........              (no amulet)
HPRegen 0.03/turn               (no ring)
MPRegen 0.10/turn               (no ring)

@: no status effects
A: no striking features
a: no special abilities


You escaped.
You visited 1 branch of the dungeon, and saw 1 of its levels.

You collected 22 gold pieces.

Inventory:

Hand Weapons
 c - a +0 rapier (weapon)
Armour
 a - a +0 robe (worn)
Potions
 b - a potion of magic
 d - a potion of berserk rage {unknown}


   Skills:
 + Level 2.4 Dodging
 + Level 2.4 Stealth
 + Level 3.1 Spellcasting
 + Level 1.1 Conjurations
 + Level 3.5 Fire Magic


You had 5 spell levels left.
You knew the following spells:

 Your Spells              Type           Power      Damage    Failure   Level
a - Foxfire               Conj/Fire      44%        2x1d6     6%          1

Your spell library contained the following spells:

 Spells                   Type           Power      Damage    Failure   Level
 Scorch                   Fire           32%        2d7       5%          2
 Conjure Flame            Conj/Fire      11%        6-21      17%         3
 Inner Flame              Hex/Fire       9%         N/A       22%         3
 Flame Wave               Conj/Fire      11%        2d6       50%         4


Dungeon Overview and Level Annotations

Branches:
Dungeon (1/15)

Altars:


Message History

Confirm with . or Enter, or press ? or * to list all spells.
You conjure some foxfire!
The foxfire hits the kobold.
The kobold is severely wounded.
The foxfire hits the kobold.
You kill the kobold!
A goblin comes into view. It is wielding a +0 dagger.
The goblin shouts!
The rat bites you but does no damage.
You hit the rat but do no damage. The rat barely misses you.
You hit the rat.
The rat is severely wounded.
The rat misses you. The goblin hits you with a +0 dagger. The rat bites you.
Casting: Foxfire (safe; 6% risk of failure)
Confirm with . or Enter, or press ? or * to list all spells.
You conjure some foxfire!
The rat bites you but does no damage. The goblin barely misses you.
Your foxfire dissipates!
The foxfire hits the goblin.
You kill the goblin!
Found 12 gold pieces.
Found a stone staircase leading down.
The rat bites you. The rat barely misses you.
You closely miss the rat.
The rat is severely wounded.
The rat bites you.
* * * LOW HITPOINT WARNING * * *
You puncture the rat!
You kill the rat!
You see here a rat corpse.
You now have 22 gold pieces (gained 14).
Found a book of Flames.
There is an open door here.
You enter the shallow water.
Moving in this stuff is going to be slow.
You hit the plant but do no damage.
There is a staircase leading out of the dungeon here.
Are you sure you want to leave the Dungeon?
This will make you lose the game! [Y]es or [N]o only, please.
Are you sure you want to leave the Dungeon?
This will make you lose the game!
You have escaped!

###.# #...##
##.#..#
#..##.#
######'## .#
#P♣♣P~.P♣#.#
#~P~.....+.#
#.....~P♣###
#@.~~P~♣≈#
##########


There were no monsters in sight!

Vanquished Creatures
  An endoplasm (D:1)
  A goblin (D:1)
  A kobold (D:1)
  A rat (D:1)
4 creatures vanquished.

Vanquished Creatures (others)
  3 foxfires (D:1)
3 creatures vanquished.

Grand Total: 7 creatures vanquished

Notes
Turn   | Place    | Note
-------+----------+-------------------------------------------
     0 | D:1      | FaviusArthum the Deep Elf Fire Elementalist began the quest
                  | for the Orb.
     0 | D:1      | Reached XP level 1. HP: 10/10 MP: 6/6
   158 | D:$      | Got out of the dungeon alive.

Illustrated notes

Levels and vault maps discovered:
D:1:      tarquinn_simple_flora_water_f, layout_rooms, serial_bayou_lagoon_b

Action                   || total
-------------------------++-------
Melee: Rapier            ||     6
 Cast: Foxfire           ||     2
Armor: Robe              ||     2
Dodge: Dodged            ||     5
